 Dungeon Crawl Stone Soup version 0.18-a0-917-g8a3da5b (webtiles) character file.

48 Duffy the Ruffian (level 3, 0/20 HPs)
             Began as a Vine Stalker Fighter on Dec 26, 2015.
             Was a Follower of Cheibriados.
             Slain by Crazy Yiuf
             ... wielding a +2 quarterstaff of chaos
              (7 damage)
             ... on level 2 of the Dungeon.
             The game lasted 00:01:20 (781 turns).

Duffy the Ruffian (Vine Stalker Fighter)             Turns: 781, Time: 00:01:20

Health: 0/20       AC:  6    Str: 21    XL:     3   Next: 72%
Magic:  0/4        EV:  9    Int: 12    God:    Cheibriados [*.....]
Gold:   73         SH:  0    Dex: 16    Spells: 0 memorised, 2 levels left

rFire  . . .     SeeInvis .       - Unarmed
rCold  . . .     Gourm    .     a - +0 scale mail
rNeg   . . .     Faith    .     (no shield)
rPois  .         Spirit   +     (no helmet)
rElec  .         Dismiss  .     (no cloak)
rCorr  .         Reflect  .     (no gloves)
SustAt .         Harm     .     (no boots)
MR     +....                    (no amulet)
Stlth  ..........               (no ring)
                                n - ring of protection from magic

@: very slow, somewhat resistant to hostile enchantments, extremely unstealthy
A: fangs 2, regeneration 1, magic shield, antimagic bite, no device heal 3, rot
immunity
a: Bend Time, Renounce Religion


You were on level 2 of the Dungeon.
You worshipped Cheibriados.
Cheibriados was aware of your devotion.
You were not hungry.

You visited 1 branch of the dungeon, and saw 2 of its levels.

You collected 73 gold pieces.


Innate Abilities, Weirdness & Mutations

You have extremely sharp teeth.
Your natural rate of healing is unusually fast.
When hurt, damage is shared between your health and your magic reserves.
Your bite disrupts and absorbs the magic of your enemies.
Potions and wands cannot restore your health.
You are immune to rotting.


   Skills:
 + Level 3.1 Fighting
 - Level 2.4 Armour
 - Level 2.6 Shields
 + Level 3.5 Unarmed Combat


You had 2 spell levels left.
You didn't know any spells.

Inventory:

Missiles
 e - 23 poisoned needles
Armour
 a - a +0 scale mail (worn)
 b - a +0 shield
 g - a +2 large shield
Jewellery
 n - a ring of protection from magic (left hand)
Scrolls
 j - a scroll of remove curse {unknown}
 o - a scroll of immolation {unknown}
Potions
 c - a potion of might
 h - a potion of flight {unknown}
 i - a potion of curing {unknown}
 k - a potion of cancellation {unknown}
Comestibles
 d - a bread ration
 f - a royal jelly
 l - a meat ration
 m - a beef jerky
 p - 2 chunks of flesh

Dungeon Overview and Level Annotations

Branches:
Dungeon (2/15)

Altars:
Cheibriados

Annotations:
D:2 Crazy Yiuf


Message History

Crazy Yiuf moves out of view.
You aren't carrying any items that can be evoked.
Crazy Yiuf is too close now for your liking.
You hit Crazy Yiuf. You bite Crazy Yiuf, but do no damage.
Crazy Yiuf is lightly wounded.
Crazy Yiuf completely misses you.
You hit Crazy Yiuf. You bite Crazy Yiuf, but do no damage.
Crazy Yiuf is moderately wounded.
Crazy Yiuf hits you with a quarterstaff of chaos.
You hit Crazy Yiuf.
Crazy Yiuf is moderately wounded.
Crazy Yiuf hits you with a quarterstaff of chaos!
Crazy Yiuf burns you.
You barely miss Crazy Yiuf. You bite Crazy Yiuf. You drain his power.
You feel invigorated.
Crazy Yiuf is heavily wounded.
You hit Crazy Yiuf.
Crazy Yiuf is severely wounded.
Crazy Yiuf hits you with a quarterstaff of chaos.
You are too injured to fight recklessly!
You are too injured to fight recklessly!
You are too injured to fight recklessly!
You are too injured to fight recklessly!
You are too injured to fight recklessly!
You are too injured to fight recklessly!
You are too injured to fight recklessly!
You are too injured to fight recklessly!
You are too injured to fight recklessly!
You are too injured to fight recklessly!
You are too injured to fight recklessly!
You barely miss Crazy Yiuf. You bite Crazy Yiuf. You drain his power.
You feel invigorated.
Crazy Yiuf is almost dead.
Crazy Yiuf hits you with a quarterstaff of chaos!
You die...

..# ####77 ### ..}
##....77 #..)# ..#
#......7777.....# ..#
#.......7g.7
..#######.#..7.7@777
..8#......###77777
..##....### .<......#
######## ........#
#......# #.......#
#.....>. ........#
#....#
.####...##########....#
.#
###..).........#######


You could see Crazy Yiuf.

Action                   || total
-------------------------++-------
Melee: Unarmed           ||   113

Notes
Turn   | Place    | Note
--------------------------------------------------------------
     0 | D:1      | Duffy the Vine Stalker Fighter began the quest for the Orb.
     0 | D:1      | Reached XP level 1. HP: 11/11 MP: 2/2
    38 | D:1      | Found a snail-covered altar of Cheibriados.
    48 | D:1      | Became a worshipper of Cheibriados the Contemplative
   141 | D:1      | Reached XP level 2. HP: 16/16 MP: 3/3
   197 | D:1      | Reached skill level 3 in Unarmed Combat
   358 | D:1      | Reached * piety under Cheibriados
   438 | D:1      | Reached XP level 3. HP: 16/19 MP: 2/4
   539 | D:2      | Reached skill level 3 in Fighting
   771 | D:2      | Noticed Crazy Yiuf
   781 | D:2      | Slain by Crazy Yiuf

Vault maps used:
D:1:      wheals_arrival_shading, cheibriados_altar_1
D:2:      serial_corexii_hall, corexii_hall_statues_i, corexii_hall_statues_t,
          corexii_hall_statues_i, corexii_hall_statues_l,
          corexii_hall_statues_t, corexii_hall_statues_i,
          kennysheep_another_room, uniq_crazy_yiuf_cottage

Vanquished Creatures
  2 adders
  A giant cockroach
  6 hobgoblins
  2 jackals
  5 kobolds
  A giant gecko
  2 giant newts
  4 goblins
  8 rats
31 creatures vanquished.
